 Dungeon Crawl Stone Soup version 0.22-a0-271-gc000056 (webtiles) character file.

280 Vesto the Skirmisher (level 6, -1/40 HPs)
             Began as a Gargoyle Fighter on Mar 11, 2018.
             Killed by divine providence
             ... invoked by an orc priest
              (14 damage)
             ... on level 6 of the Dungeon.
             The game lasted 00:01:47 (748 turns).

Vesto the Skirmisher (Gargoyle Fighter)              Turns: 748, Time: 00:01:49

Health: -1/40      AC: 13    Str: 26    XL:     6   Next: 27%
Magic:  6/6        EV: 13    Int:  9    God:
Gold:   45         SH: 10    Dex: 14    Spells: 5/5 levels left

rFire    . . .     SeeInvis .   a - +0 flail
rCold    . . .     Gourm    .   c - +0 shield
rNeg     + . .     Faith    .   b - +0 scale mail
rPois    ∞         Spirit   .   (no helmet)
rElec    +         Reflect  .   i - +0 cloak
rCorr    .         Harm     .   g - +0 pair of gloves
MR       .....                  (no boots)
Stlth    +.........             (no amulet)
HPRegen  0.13/turn              (no ring)
MPRegen  0.10/turn              (no ring)

@: mighty, agile
A: negative energy resistance 1, electricity resistance, unbreathing,
petrification resistance, rot immunity, AC +4
a: no special abilities


You were on level 6 of the Dungeon.
You were not hungry.

You visited 1 branch of the dungeon, and saw 7 of its levels.

You collected 45 gold pieces.

Inventory:

Hand Weapons
 a - a +0 flail (weapon)
Armour
 b - a +0 scale mail (worn)
 c - a +0 shield (worn)
 g - a +0 pair of gloves (worn)
 i - a +0 cloak (worn)
Scrolls
 h - 2 scrolls of identify {unknown}
Comestibles
 f - 2 rations


   Skills:
 * Level 4.9 Fighting
 * Level 3.7 Maces & Flails
 + Level 4.1 Armour
 + Level 1.6 Dodging
 - Level 4.0 Shields


You had 5 spell levels left.
You didn't know any spells.

Dungeon Overview and Level Annotations

Branches:
Dungeon (7/15)
 Temple: D:4-7

Altars:

Shops:
D:6 (

Annotations:
D:6 exclusion: upstairs


Innate Abilities, Weirdness & Mutations

You are resistant to torment.
Your stone body is resilient. (AC +4)
You are immune to poison.
You resist negative energy. (rN+)
You are resistant to electric shocks. (rElec)
You can survive without breathing.
You are immune to petrification.
You are immune to rotting.


Message History

The ice beast barely misses you.
You barely miss the ice beast. You block the ice beast's attack. x2
You hit the ice beast.
The ice beast is lightly wounded.
You block the ice beast's attack.
You hit the ice beast.
The ice beast is moderately wounded.
The ice beast hits you but does no damage.
You closely miss the ice beast.
The ice beast is moderately wounded.
You block the ice beast's attack. The ice beast closely misses you.
Your shield prevents you from hitting the ice beast.
The ice beast is moderately wounded.
The ice beast closely misses you.
You closely miss the ice beast.
The ice beast is moderately wounded.
The ice beast hits you. The ice beast freezes you.
The orc priest invokes the aid of Beogh against you.
Beogh smites you!
You die...

..###.....##............
..........##......###'##
..........##......##...#
.......................#
..##.##...##.....).....#
÷###+##...##...........#
.....#....##...oo.##...#
.....#....######Y## ..#
.....# .#.....@.# .#
.....# .'.....[.# #
.....+ .#.........
.....# ##..........
.....## #............
.....<# ..............
......# .##......##...#
......# #......# ...#
......#


You could see an ice beast, an orc priest and an orc.

Vanquished Creatures
  A necrophage (D:6)
  A water moccasin skeleton (D:4)
  A crimson imp (D:6)
  An orc priest (D:6)
  A worker ant (D:6)
  A hound zombie (D:6)
  3 gnolls (D:2)
  A worm (D:4)
  A leopard gecko (D:2)
  4 orcs
  A giant cockroach (D:6)
  2 jackals (D:2)
  2 bats (D:2)
  2 frilled lizards (D:2)
22 creatures vanquished.

Notes
Turn   | Place    | Note
-------+----------+-------------------------------------------
     0 | D:1      | Vesto the Gargoyle Fighter began the quest for the Orb.
     0 | D:1      | Reached XP level 1. HP: 14/14 MP: 1/1
    36 | D:2      | Noticed an orc priest
    60 | D:2      | Reached XP level 2. HP: 8/19 MP: 2/2
    72 | D:2      | Reached XP level 3. HP: 9/24 MP: 3/3
   301 | D:5      | Entered Level 5 of the Dungeon
   311 | D:4      | Reached skill level 1 in Dodging
   311 | D:4      | Reached XP level 4. HP: 26/29 MP: 4/4
   320 | D:5      | Noticed a two-headed ogre
   330 | D:6      | Noticed a necrophage
   352 | D:6      | Reached XP level 5. HP: 9/34 MP: 5/5
   364 | D:6      | Killed a necrophage
   653 | D:6      | Reached XP level 6. HP: 40/40 MP: 6/6
   676 | D:6      | Found Zuasch's Weapon Boutique.
   736 | D:6      | Noticed an ice beast
   748 | D:6      | Killed from afar by an orc priest

Vault maps used:
D:1:      dpeg_arrival_pits
D:2:      cheibrodos_pilgrimage
D:3:      lemuel_castle_with_subvaults, marbit_many_paths,
          minmay_gold_behind_fungi, hex_large, uniq_sigmund
D:4:      gammafunk_wand_slinger, grunt_temple_overflow_open, temple_pool_b,
          minmay_vboxes, uniq_edmund, uniq_blork_the_orc
D:5:      basic_altar, first_ration
D:6:      serial_shops, shop
D:7:      serial_shops, kennysheep_mini, uniq_pikel, uniq_prince_ribbit1,
          uniq_joseph

Skill      XL: |  1  2  3  4  5 |
---------------+----------------+-----
Fighting       | 4 |  4.9
Dodging        | 1 |  1.6
Maces & Flails | 3 |  3.7
Armour         | 4 |  4.1
Shields        | 4 |  4.0

Action                   |  1- 3 |  4- 6 || total
-------------------------+-------+-------++-------
Melee: Flail             |    65 |    59 ||   124
  Use: Potion            |       |     2 ||     2
Armor: Scale mail        |    34 |    32 ||    66
Dodge: Dodged            |    25 |    19 ||    44
Block: Shield            |    46 |    35 ||    81

Table legend:
 A = Spawn XP
 B = Non-spawn XP
 C = Spawn XP percentage of total XP
 D = Spawn monster count
 E = Non-spawn monster count
 F = Spawn count percentage of total count
 G = Total turns spent on level
                    A         B        C        D         E        F      G
               +---------+---------+-------+---------+---------+-------+---------
         Total |       0 |     401 |   0.0 |       0 |      22 |   0.0 |   748
               +---------+---------+-------+---------+---------+-------+---------
           D:2 |       0 |      65 |   0.0 |       0 |      13 |   0.0 |   286
           D:4 |       0 |      70 |   0.0 |       0 |       2 |   0.0 |    19
           D:6 |       0 |     266 |   0.0 |       0 |       7 |   0.0 |   422
               +---------+---------+-------+---------+---------+-------+---------
